 Dungeon Crawl Stone Soup version 0.28-a0-461-g2dc4ca5097 (webtiles) character file.

Game seed: 10916686989356974496

391 robertstho the Magician (level 7, 0/47 HPs)
             Began as a Djinni Fire Elementalist on Sept 13, 2021.
             Slain by an orc priest (1 damage)
             ... on level 4 of the Dungeon.
             The game lasted 00:05:43 (4980 turns).

robertstho the Magician (Djinni Fire Elementalist)  Turns: 4980, Time: 00:05:44

Health: 0/47       AC:  3    Str:  7    XL:     7   Next: 8%
Gold:   113        EV: 12    Int: 19    God:
                   SH:  0    Dex: 13

rFire   + + .      SeeInvis .   l - +3 spear
rCold   x . .      Faith    .   (no shield)
rNeg    . . .      Spirit   .   a - +0 robe
rPois   ∞          Reflect  .   k - +0 helmet
rElec   .          Harm     .   (no cloak)
rCorr   .          Rampage  .   (no gloves)
Will    .....                   (boots unavailable)
Stlth   ++........              (no amulet)
HPRegen 0.15/turn               (no ring)
MPRegen 0.00/turn               (no ring)

@: flying, hasted, very quick
A: sickness immunity, fire resistance 2, cold vulnerability 1, float, innate
caster, hp casting, extra vitality 1
a: no special abilities


You were on level 4 of the Dungeon.
You visited 1 branch of the dungeon, and saw 4 of its levels.

You collected 113 gold pieces.

Inventory:

Hand Weapons
 c - a +0 short sword
 i - a +0 dagger of speed
 l - a +3 spear (weapon)
Armour
 a - a +0 robe (worn)
 d - a +0 pair of gloves
 k - a +0 helmet (worn)
Scrolls
 e - 3 scrolls of identify
 h - 4 scrolls of teleportation
 n - a scroll of magic mapping {unknown}
Potions
 b - a potion of experience {unknown}
 f - 2 potions of haste
 j - 2 potions of heal wounds {unknown}
 m - a potion of magic {unknown}
 o - 3 potions of cancellation {unknown}
 p - 2 potions of attraction {unknown}
 q - 2 potions of lignification {unknown}
 r - a potion of brilliance {unknown}
 s - a potion of might {unknown}


   Skills:
 * Level 1.6 Fighting
 + Level 0.1 Short Blades
 + Level 0.3 Polearms
 + Level 2.4 Dodging
 + Level 2.0 Stealth
 * Level 5.2 Spellcasting


You couldn't memorise any spells.
You knew the following spells:

 Your Spells              Type           Power      Damage    Failure   Level
a - Foxfire               Conj/Fire      100%       2x1d9     1%          1
b - Scorch                Fire           50%        2d7       1%          2
c - Conjure Flame         Conj/Fire      25%        6-21      4%          3
d - Inner Flame           Hex/Fire       25%        N/A       4%          3
e - Flame Wave            Conj/Fire      25%        3d6       14%         4
f - Summon Small Mammal   Summ           100%       N/A       1%          1
g - Slow                  Hex            25%        N/A       1%          2
h - Tukima's Dance        Hex            25%        N/A       4%          3
Your spell library was empty.

Dungeon Overview and Level Annotations

Branches:
Dungeon (4/15)
 Temple: D:4-7

Altars:
Cheibriados

Shops:
D:3 :


Innate Abilities, Weirdness & Mutations

You are immune to sickness and miasma.
You are immune to poison.
Your flesh is very heat resistant. (rF++)
You are vulnerable to cold. (rC-)
You float through the air rather than walking.
You learn spells naturally, not from books.
Your magical power is your life essence.
You have superior vitality. (+4 HP)


Message History

Confirm with . or Enter, or press ? or * to list all spells.
Flames lash the orc priest.
The orc priest is lightly wounded.
The orc priest's fire resistance burns away.
A magic dart appears from out of thin air!
The magic dart hits you!
* * * LOW HITPOINT WARNING * * *
You feel better.
Casting: Scorch (safe; 2% risk of failure)
Confirm with . or Enter, or press ? or * to list all spells.
Flames lash something.
The orc priest calls down the wrath of Beogh upon you.
Something writhes in agony.
Reactivating autopickup.
You feel a bit more experienced.
Casting: Scorch (safe; 1% risk of failure)
Confirm with . or Enter, or press ? or * to list all spells.
Flames lash the orc priest.
The orc priest is burned terribly!
The orc priest is almost dead.
The orc priest is no longer more vulnerable to fire.
Casting: Scorch (safe; 1% risk of failure)
Confirm with . or Enter, or press ? or * to list all spells.
Okay, then.
Casting: Scorch (safe; 1% risk of failure)
Confirm with . or Enter, or press ? or * to list all spells.
Flames lash the orc priest.
The orc priest is severely wounded.
The orc priest's fire resistance burns away.
* * * LOW HITPOINT WARNING * * *
The orc priest looks braver for a moment.
The orc priest hits you with a +1 mace of protection.
* * * LOW HITPOINT WARNING * * *
You feel better.
The orc priest mumbles some strange prayers to Beogh against you.
Beogh smites you!
* * * LOW HITPOINT WARNING * * *
It was a potion of haste.
You feel yourself speed up.
The orc priest miscasts a cantrip.
The orc priest hits you with a +1 mace of protection.
You die...

..........# ##.#
.........######..#
................##
............###..###
.#.........####....##
###...........g....##
#.......###o###†..#
.........#.$?o.#..##
.......#.#.$$$@#..#
.......#.#$$_..#.)#
........#$$...#..#
........#.....#..#
.......#######..#
#.........##
.###..##### ###


You could see 2 orc priests and a hobgoblin.

Vanquished Creatures
  A hound (D:4)
  An orc priest (D:3)
  3 orc wizards
  An iguana (D:3)
  4 gnolls (D:2)
  7 adders
  A worm (D:2)
  3 dart slugs
  9 orcs
  3 ball pythons
  5 bats
  4 endoplasms
  3 giant cockroaches
  10 goblins
  4 hobgoblins
  17 jackals
  2 quokkas
  3 frilled lizards
  6 kobolds
  A quokka skeleton (D:4)
  4 rats
92 creatures vanquished.

Vanquished Creatures (others)
  An orc wizard (D:4)
  258 foxfires
259 creatures vanquished.

Grand Total: 351 creatures vanquished

Notes
Turn   | Place    | Note
-------+----------+-------------------------------------------
     0 | D:1      | robertstho the Djinni Fire Elementalist began the quest for
                  | the Orb.
     0 | D:1      | Reached XP level 1. HP: 15/15 MP: 0/0
   217 | D:1      | Reached XP level 2. HP: 12/21 MP: 0/0
   415 | D:1      | Found a faded altar of an unknown god.
   421 | D:1      | Reached skill level 3 in Spellcasting
   615 | D:1      | Reached XP level 3. HP: 18/25 MP: 0/0
   615 | D:1      | Learned a level 1 spell: Summon Small Mammal
  1571 | D:2      | Reached XP level 4. HP: 27/31 MP: 0/0
  2246 | D:2      | Reached XP level 5. HP: 19/36 MP: 0/0
  2246 | D:2      | Learned a level 2 spell: Slow
  2442 | D:2      | Reached skill level 4 in Spellcasting
  3719 | D:3      | Reached XP level 6. HP: 21/41 MP: 0/0
  4084 | D:3      | Found Irathrent's Book Emporium.
  4104 | D:3      | Reached skill level 5 in Spellcasting
  4475 | D:4      | Reached skill level 1 in Fighting
  4945 | D:4      | Found a snail-covered altar of Cheibriados.
  4957 | D:4      | Reached XP level 7. HP: 41/47 MP: 0/0
  4957 | D:4      | Learned a level 3 spell: Tukima's Dance
  4979 | D:4      | HP: 1/47 [orc priest/divine providence (13)]
  4980 | D:4      | Slain by an orc priest

Illustrated notes

Levels and vault maps discovered:
D:1:      lightli_arrival_flooded_house, layout_loops_ring,
          ebering_ecumenical_altar_hall, minmay_tromino_v4_c
D:2:      layout_rooms
D:3:      layout_loops_ring, serial_shops, nicolae_shop_statue_plus
D:4:      layout_cave_pools, amcnicky_altar_gilded,
          minmay_temple_entry_nine_rooms, minmay_misc_feat_diagonals

Skill      XL: |  1  2  3  4  5  6 |
---------------+-------------------+-----
Spellcasting   | 3 4 5 |  5.2
Fighting       | 1 |  1.6
Stealth        | 2 |  2.0
Short Blades   | |  0.1
Polearms       | |  0.3
Dodging        | |  2.4

Action                   |  1- 3 |  4- 6 |  7- 9 || total
-------------------------+-------+-------+-------++-------
Melee: Short sword       |     1 |       |       ||     1
       Unarmed           |     1 |       |       ||     1
       Dagger            |     3 |       |       ||     3
       Spear             |       |    47 |       ||    47
 Cast: Foxfire           |    65 |    90 |       ||   155
       Scorch            |       |    34 |     9 ||    43
  Use: Potion            |       |     2 |     4 ||     6
       Scroll            |       |       |     2 ||     2
 Stab: Sleeping          |     1 |       |       ||     1
Armor: Robe              |     4 |    14 |       ||    18
Dodge: Dodged            |     9 |    46 |     4 ||    59

Table legend: (Time is in decaauts)
 A = Elapsed time spent in this place.
 B = Non-inter-level travel time spent in this place.
 C = Inter-level travel time spent in this place.
 D = Time resting spent in this place.
 E = Time spent auto-exploring this place.
 F = Levels seen in this place.
 G = Mean time per level.
                   A        B        C        D        E       F      G
               +--------+--------+--------+--------+--------+-----+--------+
         Total |   4983 |   4933 |     50 |    647 |   3691 |   4 | 1245.8 |
       Dungeon |   4983 |   4933 |     50 |    647 |   3691 |   4 | 1245.8 |
               +--------+--------+--------+--------+--------+-----+--------+

Top non-repeatable levels by time:
     D:1: 1973 daAuts
     D:3: 1381 daAuts
     D:2: 1110 daAuts
     D:4: 518 daAuts
